 Dungeon Crawl Stone Soup version 0.29-a0-529-gfa20dd96a1 (webtiles) character file.

Game seed: 12674120307098362701

31 happo123 the Sneak (level 3, -4/20 HPs)
             Began as a Kobold Enchanter on June 2, 2022.
             Slain by a gnoll
             ... wielding a +0 spear
              (6 damage)
             ... on level 2 of the Dungeon.
             The game lasted 00:03:22 (1062 turns).

happo123 the Sneak (Kobold Enchanter)               Turns: 1062, Time: 00:03:22

Health: -4/20      AC:  2    Str:  5    XL:     3   Next: 40%
Magic:  1/6        EV: 15    Int: 18    God:
Gold:   83         SH:  0    Dex: 15    Spells: 1/6 levels left

rFire   . . .      SeeInvis .   a - +1 dagger
rCold   + . .      Faith    .   (no shield)
rNeg    . . .      Spirit   .   b - +0 robe
rPois   .          Reflect  .   (no helmet)
rElec   .          Harm     .   (no cloak)
rCorr   .          Rampage  .   (no gloves)
Will    .....                   (no boots)
Stlth   ++++......              (no amulet)
HPRegen 0.06/turn               f - ring of protection from cold
MPRegen 0.10/turn               (no ring)

@: no status effects
A: small, no large weapons, nightstalker 3
a: no special abilities


You were on level 2 of the Dungeon.
You visited 1 branch of the dungeon, and saw 2 of its levels.

You collected 83 gold pieces.

Inventory:

Hand Weapons
 a - a +1 dagger (weapon)
 g - a +0 shortbow
Armour
 b - a +0 robe (worn)
Jewellery
 f - a ring of protection from cold (left hand)
Scrolls
 d - a scroll of summoning {unknown}
 e - a scroll of brand weapon {unknown}
 l - a scroll of amnesia {unknown}
Potions
 c - 2 potions of invisibility
 h - a potion of heal wounds {unknown}
 i - a potion of magic {unknown}
 j - 2 potions of mutation {unknown}
 k - a potion of lignification {unknown}


   Skills:
 + Level 0.8 Fighting
 + Level 2.0 Short Blades
 + Level 2.7 Dodging
 + Level 4.2 Stealth
 + Level 2.3 Spellcasting
 * Level 3.5 Hexes


You had one spell level left.
You knew the following spells:

 Your Spells              Type           Power      Damage    Failure   Level
a - Ensorcelled Hibernat  Hex/Ice        16%        N/A       13%         2
b - Confusing Touch       Hex            14%        N/A       12%         3

Your spell library contained the following spells:

 Spells                   Type           Power      Damage    Failure   Level
 Tukima's Dance           Hex            14%        N/A       12%         3
 Dazzling Flash           Conj/Hex       16%        N/A       26%         3


Dungeon Overview and Level Annotations

Branches:
Dungeon (2/15)

Altars:


Innate Abilities, Weirdness & Mutations

You are small and have problems with some larger weapons.
You are completely attuned to the shadows.


Message History

The adder is almost dead.
The adder closely misses you.
You hit the adder.
You kill the adder!
Your Short Blades skill increases to level 2!
You see here an adder corpse.
You start resting.
HP restored.
You start resting.
Magic restored.
There is a dry fountain here.
There is a dry fountain here.
There is a staircase leading out of the dungeon here.
There is an escape hatch in the floor here.
You slide downwards.
The hatch slams shut behind you.
Aiming: Ensorcelled Hibernation (safe; 13% risk of failure)
Press: ? - help, Q - select action Shift-Dir - straight line, f - gnoll
Aim: a gnoll, wielding a +0 halberd (chance to affect: 50%)
The gnoll looks drowsy...
The gnoll shouts! x2
The gnoll hits you with a +0 halberd!
Casting: Ensorcelled Hibernation (safe; 13% risk of failure)
Confirm with . or Enter, or press ? or * to list all spells.
The spell is extremely dangerous to miscast (12% risk of failure)!
Continue anyway? [Y]es or [N]o only, please.
The spell is extremely dangerous to miscast (12% risk of failure)!
Continue anyway? [Y]es or [N]o only, please.
The spell is extremely dangerous to miscast (12% risk of failure)!
Continue anyway?
Your hands begin to glow red.
The gnoll misses you.
You hit the gnoll but do no damage.
The gnoll appears confused.
You punch the gnoll, but do no damage. The gnoll misses you.
You don't have enough magic to cast this spell.
The gnoll hits you with a +0 spear. The gnoll attacks as you move away!
The gnoll barely misses you.
The gnoll hits you from afar with a +0 spear!
* * * LOW HITPOINT WARNING * * *
You hit the gnoll.
The gnoll is lightly wounded.
The gnoll hits you from afar with a +0 spear.
You die...

#####.#......
#.##.##..
#####)##.#
#....)...#
#........#
#........####
#......g.g..#
#..<........#
#....÷g@....#
#...........#
#....(...####
##########


You could see 3 gnolls.

Vanquished Creatures
  An adder (D:1)
  3 ball pythons (D:1)
  An endoplasm (D:1)
  A giant cockroach (D:1)
  2 goblins (D:2)
  4 hobgoblins
  A quokka (D:1)
  2 bats (D:1)
  3 frilled lizards
  4 rats (D:1)
22 creatures vanquished.

Notes
Turn   | Place    | Note
-------+----------+-------------------------------------------
     0 | D:1      | happo123 the Kobold Enchanter began the quest for the Orb.
     0 | D:1      | Reached XP level 1. HP: 10/10 MP: 3/3
   219 | D:1      | Reached XP level 2. HP: 15/16 MP: 5/5
   222 | D:1      | Learned a level 2 spell: Ensorcelled Hibernation
   528 | D:1      | Found a faded altar of an unknown god.
   834 | D:2      | Reached XP level 3. HP: 13/20 MP: 1/6
   838 | D:2      | Learned a level 3 spell: Confusing Touch
  1062 | D:2      | Slain by a gnoll

Illustrated notes

Levels and vault maps discovered:
D:1:      dpeg_arrival_lava_temple_mockup, layout_loops_cross,
          basic_ecumenical_altar
D:2:      layout_rooms, nrook_mini_vaults, uniq_robin

Skill      XL: |  1  2  3 |
---------------+----------+-----
Short Blades   | 2 |  2.0
Fighting       | |  0.8
Dodging        | |  2.7
Stealth        | |  4.2
Spellcasting   | |  2.3
Hexes          | |  3.5

Action                   || total
-------------------------++-------
Melee: Dagger            ||    60
       Punch             ||     1
 Cast: Ensorcelled Hiber ||     7
       Confusing Touch   ||     1
 Stab: Sleeping          ||    14
Armor: Robe              ||    15
Dodge: Dodged            ||    46

Table legend: (Time is in decaauts)
 A = Elapsed time spent in this place.
 B = Non-inter-level travel time spent in this place.
 C = Inter-level travel time spent in this place.
 D = Time resting spent in this place.
 E = Time spent auto-exploring this place.
 F = Levels seen in this place.
 G = Mean time per level.
                   A        B        C        D        E       F      G
               +--------+--------+--------+--------+--------+-----+--------+
         Total |   1056 |    943 |    113 |    110 |    649 |   2 |  528.0 |
       Dungeon |   1056 |    943 |    113 |    110 |    649 |   2 |  528.0 |
               +--------+--------+--------+--------+--------+-----+--------+

Top non-repeatable levels by time:
     D:1: 899 daAuts
     D:2: 157 daAuts
